 Dungeon Crawl Stone Soup version 0.29-a0-323-g050149af67 (webtiles) character file.

Game seed: 4042811195561161216

191 dianekeaton the Cudgeller (level 5, -2/45 HPs)
             Began as a Minotaur Fighter on Apr 11, 2022.
             Slain by an ogre
             ... wielding a +0 giant club
              (17 damage)
             ... on level 3 of the Dungeon.
             The game lasted 00:04:34 (2119 turns).

dianekeaton the Cudgeller (Minotaur Fighter)        Turns: 2119, Time: 00:04:35

Health: -2/45      AC:  6    Str: 22    XL:     5   Next: 42%
Magic:  4/4        EV:  9    Int:  5    God:
Gold:   162        SH:  4    Dex: 10    Spells: 4/4 levels left

rFire   . . .      SeeInvis .   a - +0 flail
rCold   + . .      Faith    .   c - +0 buckler
rNeg    . . .      Spirit   .   i - +0 scale mail {rC+}
rPois   .          Reflect  .   (helmet restricted)
rElec   .          Harm     .   (no cloak)
rCorr   .          Rampage  .   (no gloves)
Will    .....                   (no boots)
Stlth   ..........              (no amulet)
HPRegen 0.15/turn               (no ring)
MPRegen 0.09/turn               (no ring)

@: no status effects
A: horns 2, retaliatory headbutt
a: no special abilities


You were on level 3 of the Dungeon.
You visited 1 branch of the dungeon, and saw 3 of its levels.

You collected 162 gold pieces.

Inventory:

Hand Weapons
 a - a +0 flail (weapon)
Armour
 c - a +0 buckler (worn)
 i - a +0 scale mail of cold resistance (worn)
Jewellery
 f - an amulet of the acrobat
 k - a ring of willpower
Wands
 b - a wand of flame (13) (quivered)
 l - a wand of digging (5)
Scrolls
 n - a scroll of identify
 o - a scroll of enchant weapon {unknown}
Potions
 d - a potion of might
 e - 2 potions of degeneration
 g - 2 potions of lignification
 h - a potion of heal wounds {unknown}
 j - 2 potions of curing {unknown}
 m - a potion of berserk rage {unknown}


   Skills:
 - Level 3.6 Fighting
 + Level 6.9 Maces & Flails
 - Level 3.6 Armour
 - Level 0.2 Dodging
 - Level 3.6 Shields


You had 4 spell levels left.
You didn't know any spells.
Your spell library contained the following spells:

 Spells                   Type           Power      Damage    Failure   Level
 Slow                     Hex            0%         N/A       88%         1


Dungeon Overview and Level Annotations

Branches:
Dungeon (3/15)

Altars:


Innate Abilities, Weirdness & Mutations

You have a pair of horns on your head.
You reflexively headbutt those who attack you in melee.


Message History

You kill the giant cockroach!
You now have 162 gold pieces (gained 13).
A rat comes into view.
A rat is nearby!
The rat bites you.
You hit the rat.
You kill the rat!
A goblin comes into view. It is wielding a +0 club.
The goblin shouts!
A goblin is nearby!
Found a stone staircase leading down.
The goblin hits you but does no damage.
You sock the goblin!
You kill the goblin!
Things that are here:
a +0 club; a goblin corpse
There is a stone staircase leading down here.
An ogre comes into view. It is wielding a +0 giant club.
Found 4 gold pieces.
The ogre shouts!
Aiming: Throw Flame
Press: ? - help, Q - select action Shift-Dir - straight line, f - ogre
Aim: an ogre, wielding a +0 giant club (85% to hit)
The puff of flame misses the ogre.
Aiming: Throw Flame
Press: ? - help, Q - select action Shift-Dir - straight line, f/p - ogre
Aim: an ogre, wielding a +0 giant club (85% to hit)
The puff of flame hits the ogre.
The ogre is lightly wounded.
The ogre hits you with a +0 giant club!!
The ogre attacks as you move away! The ogre hits you with a +0 giant club!
* * * LOW HITPOINT WARNING * * *
An endoplasm comes into view.
The endoplasm quivers.
The endoplasm attacks as you move away! You block the endoplasm's attack.
The endoplasm attacks as you move away!
The endoplasm hits you but does no damage.
The endoplasm attacks as you move away! The endoplasm hits you.
The ogre hits you with a +0 giant club!
You die...

.##..............## #.##
...........#####..# #.#
##....†....#...#..## ##.#
#..#.#....#...#...## #..#
......#....#...#....## #.##
....#..........##.#..# #.#
...................#O# #.#
.......#.##.....JO.#.# #.#
.......#.##..##.@..#.## #.#
.............).....#..## ##.#
.......##.##..#....##..####..#
.......
#.###......###......### .....
#..........# #####....# .....
#####.##>### ###..### ....
#......# #....# #### ###....#
###### ######


You could see an ogre and an endoplasm.

Vanquished Creatures
  Natasha (thrice) (D:2)
  3 gnolls (D:3)
  An adder (D:2)
  2 worms (D:2)
  A dart slug (D:1)
  6 ball pythons
  10 bats
  8 endoplasms
  6 giant cockroaches
  4 hobgoblins
  2 jackals (D:1)
  6 kobolds
  3 quokkas
  2 frilled lizards
  6 goblins
  5 rats
68 creatures vanquished.

Notes
Turn   | Place    | Note
-------+----------+-------------------------------------------
     0 | D:1      | dianekeaton the Minotaur Fighter began the quest for the
                  | Orb.
     0 | D:1      | Reached XP level 1. HP: 19/19 MP: 0/0
    48 | D:1      | Reached skill level 3 in Maces & Flails
   286 | D:1      | Reached XP level 2. HP: 26/26 MP: 1/1
   387 | D:1      | Reached skill level 4 in Maces & Flails
   531 | D:1      | Reached XP level 3. HP: 31/31 MP: 2/2
   559 | D:1      | Found a faded altar of an unknown god.
   576 | D:1      | Got Plato's Reference Book on Hexes
   727 | D:2      | Noticed Natasha
   734 | D:2      | Killed Natasha
   735 | D:2      | Reached skill level 5 in Maces & Flails
   735 | D:2      | Reached XP level 4. HP: 24/39 MP: 3/3
  1172 | D:2      | Noticed Natasha
  1177 | D:2      | Killed Natasha
  1178 | D:2      | Reached skill level 6 in Maces & Flails
  1395 | D:2      | Noticed Natasha
  1401 | D:2      | Killed Natasha
  1402 | D:2      | Reached XP level 5. HP: 35/45 MP: 4/4
  2079 | D:3      | Noticed an ogre
  2119 | D:3      | Slain by an ogre

Illustrated notes

Levels and vault maps discovered:
D:1:      dpeg_arrival_pits, layout_basic, shapermc_ecumenical_altar_rom_forum,
          minmay_indecisive_spiral
D:2:      layout_basic, st_stairs_2, uniq_natasha
D:3:      layout_rooms, kennysheep_generic_room_11

Skill      XL: |  1  2  3  4 |
---------------+-------------+-----
Maces & Flails | 3 4 5 6 |  6.9
Fighting       | |  3.6
Armour         | |  3.6
Dodging        | |  0.2
Shields        | |  3.6

Action                   |  1- 3 |  4- 6 || total
-------------------------+-------+-------++-------
Melee: Flail             |    69 |    66 ||   135
       Headbutt          |     9 |    13 ||    22
Evoke: Wand              |       |     2 ||     2
  Use: Scroll            |     2 |     3 ||     5
       Potion            |       |     1 ||     1
Armor: Scale mail        |    38 |    18 ||    56
Dodge: Dodged            |    34 |    22 ||    56
Block: Buckler           |    15 |    20 ||    35

Table legend: (Time is in decaauts)
 A = Elapsed time spent in this place.
 B = Non-inter-level travel time spent in this place.
 C = Inter-level travel time spent in this place.
 D = Time resting spent in this place.
 E = Time spent auto-exploring this place.
 F = Levels seen in this place.
 G = Mean time per level.
                   A        B        C        D        E       F      G
               +--------+--------+--------+--------+--------+-----+--------+
         Total |   2152 |   2127 |     25 |    352 |   1317 |   3 |  717.3 |
       Dungeon |   2152 |   2127 |     25 |    352 |   1317 |   3 |  717.3 |
               +--------+--------+--------+--------+--------+-----+--------+

Top non-repeatable levels by time:
     D:1: 838 daAuts
     D:2: 677 daAuts
     D:3: 637 daAuts
